 Dungeon Crawl Stone Soup version 0.26-a0-117-g2bcdb00447 (webtiles) character file.

Game seed: 11458421967372316319

10026 Hastur the Cleaver (level 11, -2/104 HPs)
             Began as a Hill Orc Monk on June 28, 2020.
             Was an Elder of Beogh.
             Slain by a cyan ugly thing (12 damage)
             ... on level 11 of the Dungeon.
             The game lasted 00:28:54 (14257 turns).

Hastur the Cleaver (Hill Orc Monk)                 Turns: 14257, Time: 00:28:55

Health: -2/104     AC: 19    Str: 18    XL:     11   Next: 55%
Magic:  12/18      EV:  9    Int: 10    God:    Beogh [****..]
Gold:   601        SH:  0    Dex: 13    Spells: 10/10 levels left

rFire    + . .     SeeInvis .   w - +5 war axe
rCold    . . .     Faith    .   (no shield)
rNeg     . . .     Spirit   .   C - +1 chain mail {rF+}
rPois    .         Reflect  .   i - +0 helmet
rElec    .         Harm     .   u - +0 cloak
rCorr    .                      h - +1 pair of gloves
MR       .....                  y - +0 pair of boots
Stlth    ..........             (no amulet)
HPRegen  0.27/turn              (no ring)
MPRegen  0.16/turn              (no ring)

@: no status effects
A: no striking features
a: Smiting, Recall Orcish Followers, Renounce Religion


You were on level 11 of the Dungeon.
You worshipped Beogh.
Beogh was greatly pleased with you.
You were not hungry.

You visited 1 branch of the dungeon, and saw 11 of its levels.
You also visited: Ossuary.

You collected 601 gold pieces.

Inventory:

Hand Weapons
 a - a +0 hand axe
 w - a +5 war axe (weapon)
Missiles
 m - 301 stones (quivered)
 p - 46 sling bullets
 I - a throwing net
Armour
 h - a +1 pair of gloves (worn)
 i - a +0 helmet (worn)
 u - a +0 cloak (worn)
 y - a +0 pair of boots (worn)
 C - a +1 chain mail of fire resistance (worn)
 H - a +0 plate armour
Wands
 D - a wand of digging (5)
 E - a wand of random effects (16)
Scrolls
 b - 3 scrolls of enchant weapon
 e - 4 scrolls of remove curse
 f - a scroll of summoning {unknown}
 k - 5 scrolls of teleportation
 n - 2 scrolls of fear
 o - 2 scrolls of blinking
 s - a scroll of enchant armour
 B - a scroll of fog
 G - a scroll of noise {unknown}
 J - 6 scrolls of identify
 L - a scroll of vulnerability {unknown}
 M - a scroll of amnesia
Potions
 d - a potion of invisibility
 g - 5 potions of lignification
 j - 4 potions of curing
 l - 3 potions of mutation
 q - a potion of might
 r - a potion of heal wounds
 t - a potion of berserk rage
 v - 3 potions of stabbing
 x - a potion of degeneration {unknown}
 A - a potion of brilliance {unknown}
 F - 5 potions of haste
 K - a potion of flight {unknown}
Comestibles
 c - 15 rations


   Skills:
 + Level 11.8 Fighting
 + Level 12.7 Axes
 + Level 9.9 Armour
 - Level 2.4 Dodging
 - Level 1.5 Stealth
 + Level 9.5 Invocations


You had 10 spell levels left.
You didn't know any spells.
Your spell library contained the following spells:

 Spells                   Type           Power        Failure   Level  Hunger
 Animate Skeleton         Necr           N/A          97%         1    ##.....
 Freeze                   Ice            #...         97%         1    ##.....
 Pain                     Necr           #...         97%         1    ##.....
 Frozen Ramparts          Ice            #.....       100%        3    ####...
 Ozocubu's Armour         Chrm/Ice       #.......     100%        3    ####...
 Vampiric Draining        Necr           #.........   100%        3    ####...
 Animate Dead             Necr           N/A          100%        4    #####..
 Hailstorm                Conj/Ice       #.......     100%        4    #####..
 Summon Ice Beast         Ice/Summ       #.......     100%        4    #####..
 Agony                    Necr           #.......     100%        5    ######.


Dungeon Overview and Level Annotations

Branches:
Dungeon (11/15)            Temple (0/1) D:5         Ossuary (visited)
   Lair: D:8-11         Orc: D:9-12

Altars:
Ashenzari
Dithmenos
Elyvilon
Nemelex Xobeh
Qazlal
Ru
Trog
Yredelemnul
The Shining One

Shops:
D:6 (

Annotations:
D:10 Erolcha


Message History

The cyan ugly thing pecks you. The cyan ugly thing shocks you!
* * * LOW HITPOINT WARNING * * *
You hit the cyan ugly thing but do no damage.
The cyan ugly thing is moderately wounded.
The cyan ugly thing pecks you but does no damage.
Aiming: Smiting
Press: ? - help, Dir - move target cursor, f/p - cyan ugly thing Smite: a cyan ugly thing (moderately wounded)
You smite the cyan ugly thing!
The cyan ugly thing is severely wounded.
The cyan ugly thing pecks you but does no damage.
Aiming: Smiting
Press: ? - help, Dir - move target cursor, f/p - cyan ugly thing Smite: a cyan ugly thing (severely wounded)
You smite the cyan ugly thing!
The cyan ugly thing is almost dead.
The cyan ugly thing pecks you!
* * * LOW HITPOINT WARNING * * *
The cyan ugly thing shocks you!
You die...

############################
................@u..).......
#######.######.######.......
#.# #.# ....... #.# #.#
....... #######.# #.#
.......
........######.######.......
#######.................>...
#.#######.#####....... #.#
#.#


You could see a cyan ugly thing.

Vanquished Creatures
  An unseen horror (D:10)
  Pikel (D:7)
  An ugly thing (D:11)
  A troll (D:10)
  A hippogriff (D:9)
  A wyvern (D:9)
  17 yaks
  2 hungry ghosts
  Menkaure (D:4)
  4 slaves (D:7)
  3 orc warriors
  4 ice beasts
  2 sky beasts
  3 black bears
  An ogre (D:7)
  A phantom (D:10)
  A hornet zombie (D:8)
  5 centaurs
  3 big kobolds
  An elf zombie (Ossuary)
  5 bullfrogs
  A wyvern skeleton (D:9)
  A water moccasin skeleton (D:6)
  5 scorpions
  7 wights
  13 killer bees
  A howler monkey (D:6)
  2 centaur zombies
  4 crimson imps
  A bullfrog zombie (D:5)
  4 orc priests
  4 hounds
  A jelly (D:5)
  5 bullfrog skeletons
  2 centaur skeletons
  2 orc wizards
  2 iguanas
  11 worker ants
  4 big kobold zombies (Ossuary)
  2 hound zombies (Ossuary)
  2 hound skeletons
  4 mummies
  2 howler monkey skeletons
  14 adders
  A shadow imp (D:7)
  An ooze (D:2)
  7 adder zombies (Ossuary)
  An adder skeleton (D:6)
  3 worms
  3 dart slugs
  9 leopard geckos
  20 orcs
  2 giant cockroaches
  2 gnoll zombies (Ossuary)
  8 goblins
  6 hobgoblins
  14 jackals
  7 quokkas
  A ball python (D:1)
  13 bats
  7 frilled lizards
  5 goblin zombies (Ossuary)
  A jackal skeleton (D:4)
  5 jackal zombies (Ossuary)
  21 kobolds
  4 kobold zombies (Ossuary)
  2 quokka skeletons
  3 quokka zombies (Ossuary)
  7 rats
  3 rat zombies (Ossuary)
309 creatures vanquished.

Vanquished Creatures (collateral kills)
  A yak (D:7)
  An orc warrior (D:7)
  A killer bee (D:9)
  2 wights
  An orc priest (D:9)
  2 orcs (D:8)
8 creatures vanquished.

Vanquished Creatures (others)
  3 orc warriors
  An orc wizard (D:3)
  An orc priest (D:5)
  7 orcs
  A quokka zombie (D:5)
13 creatures vanquished.

Grand Total: 330 creatures vanquished

Notes
Turn   | Place    | Note
-------+----------+-------------------------------------------
     0 | D:1      | Hastur the Hill Orc Monk began the quest for the Orb.
     0 | D:1      | Reached XP level 1. HP: 19/19 MP: 1/1
   129 | D:1      | Reached XP level 2. HP: 26/27 MP: 2/2
   520 | D:1      | Reached XP level 3. HP: 34/34 MP: 3/3
   727 | D:2      | Reached skill level 5 in Axes
  1303 | D:2      | Reached XP level 4. HP: 41/41 MP: 4/4
  2039 | D:3      | Reached skill level 5 in Fighting
  2132 | D:3      | Found a stormy altar of Qazlal.
  2337 | D:3      | Noticed an ogre
  2689 | D:3      | Reached skill level 1 in Armour
  2712 | D:3      | Reached XP level 5. HP: 31/48 MP: 5/5
  2980 | D:4      | Noticed a centaur
  3002 | D:4      | Killed a centaur
  3002 | D:4      | Reached skill level 6 in Axes
  3262 | D:4      | Reached XP level 6. HP: 51/57 MP: 6/6
  3323 | D:4      | Noticed Menkaure
  3334 | D:4      | Killed Menkaure
  4128 | D:5      | Entered Level 5 of the Dungeon
  4137 | D:4      | Reached skill level 7 in Axes
  4137 | D:4      | Reached XP level 7. HP: 51/64 MP: 7/7
  4377 | D:5      | Found a sand-covered staircase.
  4392 | Ossuary  | Entered an ossuary
  4827 | Ossuary  | Reached skill level 8 in Axes
  4827 | Ossuary  | Reached XP level 8. HP: 55/73 MP: 8/8
  5029 | D:5      | Found a bloodstained altar of Trog.
  5056 | D:5      | Reached skill level 5 in Armour
  5263 | D:5      | Found a staircase to the Ecumenical Temple.
  5582 | D:5      | Became a worshipper of Beogh the Brigand
  5582 | D:5      | Reached * piety under Beogh
  5582 | D:5      | Reached ** piety under Beogh
  5907 | D:6      | Found a sacrificial altar of Ru.
  5926 | D:6      | Reached skill level 9 in Axes
  5982 | D:6      | Found a glowing golden altar of the Shining One.
  5982 | D:6      | Found a basalt altar of Yredelemnul.
  6041 | D:6      | Found Hezek's Weapon Emporium.
  6057 | D:6      | Reached skill level 1 in Invocations
  6190 | D:6      | Found a shadowy altar of Dithmenos.
  6903 | D:3      | Reached XP level 9. HP: 21/82 MP: 9/11
  7665 | D:7      | Noticed Pikel
  7759 | D:7      | Killed Pikel
  7759 | D:7      | Reached skill level 10 in Axes
  8250 | D:8      | Reached skill level 5 in Invocations
  9498 | D:8      | Found a white marble altar of Elyvilon.
  9598 | D:8      | Reached XP level 10. HP: 93/93 MP: 14/14
  9611 | D:8      | Reached *** piety under Beogh
  9635 | D:8      | Reached skill level 10 in Fighting
  9665 | D:8      | Found a shattered altar of Ashenzari.
  9861 | D:8      | Found a sparkling altar of Nemelex Xobeh.
 10111 | D:7      | Noticed a wolf spider
 10111 | D:7      | Noticed a centaur warrior
 10376 | D:9      | Reached skill level 11 in Axes
 11919 | D:10     | Entered Level 10 of the Dungeon
 11924 | D:10     | Reached **** piety under Beogh
 12071 | D:9      | Reached skill level 12 in Axes
 12071 | D:9      | Reached XP level 11. HP: 43/102 MP: 17/17
 13247 | D:10     | Killed an unseen horror
 13644 | D:10     | Noticed Erolcha
 14206 | D:11     | Noticed a green ugly thing
 14218 | D:11     | Killed a green ugly thing
 14235 | D:11     | Noticed a cyan ugly thing
 14257 | D:11     | Slain by a cyan ugly thing

Illustrated notes

Levels and vault maps discovered:
D:1:      giann_bridges, layout_basic, minmay_misc_feat_nine_boxes
D:2:      layout_loops_ring
D:3:      minmay_diamond_boxcup, layout_basic, nicolae_overflow_crystal_walls,
          first_ration
D:4:      minmay_chambers_of_threes, layout_basic,
          minmay_misc_feat_more_columns, uniq_menkaure
D:5:      layout_rooms, lemuel_crystal_altar, minmay_temple_entry_glass,
          gup_ossuary_entry_pyramid
D:6:      layout_basic, lemuel_crystal_altar, grunt_temple_overflow_open,
          serial_shops, shop_statue
D:7:      minmay_klotski, layout_loops_ring, grunt_ogre_cave, minmay_bent,
          uniq_pikel
D:8:      layout_basic, evilmike_ruin_ashenzari, old_standard_altar,
          nemelex_lonely_heart_becter
D:9:      layout_gridville
D:10:     layout_basic, eino_tiny_chamber, minmay_unpleasant_kobolds,
          uniq_erolcha
D:11:     layout_small_grid, david_lair_shrubbed,
          nicolae_trove_entry_path_of_doom, serial_shops, kennysheep_mini,
          minivault_20, uniq_psyche

Skill      XL: |  1  2  3  4  5  6  7  8  9 10 11 |
---------------+----------------------------------+-----
Fighting       | 4 5 6 7 8 9 11 | 11.8
Axes           | 5 6 7 8 9 10 12 | 12.7
Armour         | 1 2 3 4 6 7 9 |  9.9
Invocations    | 2 5 8 9 |  9.5
Dodging        | |  2.4
Stealth        | |  1.5

Action                   |  1- 3 |  4- 6 |  7- 9 | 10-12 || total
-------------------------+-------+-------+-------+-------++-------
Melee: Hand axe          |   119 |   204 |       |       ||   323
       War axe           |       |    33 |   550 |   383 ||   966
Invok: Convert to Beogh  |       |       |     1 |       ||     1
       Smiting           |       |       |       |     2 ||     2
Evoke: Wand              |       |       |     1 |     1 ||     2
  Use: Scroll            |       |     4 |    17 |     1 ||    22
       Potion            |       |     1 |     2 |     1 ||     4
  Eat: Chunk             |     1 |     8 |     5 |     4 ||    18
       Ration            |       |       |     5 |     4 ||     9
Armor: Ring mail         |    47 |    92 |   157 |       ||   296
       Robe              |     3 |       |       |       ||     3
       Chain mail        |       |       |   115 |   276 ||   391
Dodge: Dodged            |    96 |   159 |   223 |   158 ||   636

Table legend:
 A = Non-vault XP
 B = Vault XP
 C = Vault XP percentage of total XP
 D = Non-vault monster count
 E = Vault monster count
 F = Vault count percentage of total count
                 A         B        C        D         E       F
            +---------+---------+-------+---------+---------+-------
      Total |   12072 |    2252 |  15.7 |     246 |      69 |  21.9
            +---------+---------+-------+---------+---------+-------
        D:1 |      43 |       0 |   0.0 |      27 |       0 |   0.0
        D:2 |      49 |       0 |   0.0 |      13 |       0 |   0.0
        D:3 |     281 |      31 |   9.9 |      36 |       9 |  20.0
        D:4 |     460 |     176 |  27.7 |      20 |       3 |  13.0
        D:5 |     495 |      18 |   3.5 |      16 |       1 |   5.9
        D:6 |     577 |       0 |   0.0 |      15 |       0 |   0.0
        D:7 |     173 |    1427 |  89.2 |      10 |      10 |  50.0
        D:8 |    1684 |       0 |   0.0 |      36 |       0 |   0.0
        D:9 |    3943 |       0 |   0.0 |      40 |       0 |   0.0
       D:10 |    3507 |     199 |   5.4 |      29 |       6 |  17.1
       D:11 |     860 |       0 |   0.0 |       4 |       0 |   0.0
    Ossuary |       0 |     401 | 100.0 |       0 |      40 | 100.0
            +---------+---------+-------+---------+---------+-------
